 Dungeon Crawl Stone Soup version 0.28.0 (webtiles) character file.

Game seed: 6853360569940783019

1140 Dorkslayer the Sneak (level 8, -1/54 HPs)
             Began as an Octopode Fighter on May 21, 2022.
             Was an Initiate of Gozag.
             Splashed by a jelly's acid (5 damage)
             ... on level 7 of the Dungeon.
             The game lasted 00:14:04 (5004 turns).

Dorkslayer the Sneak (Octopode Fighter)             Turns: 5004, Time: 00:14:04

Health: -1/54      AC:  1    Str: 15 (18) XL:     8   Next: 37%
Magic:  8/8        EV: 14    Int:  7 (10) God:    Gozag
Gold:   298        SH:  5    Dex: 16 (17) Spells: 7/7 levels left

rFire   . . .      SeeInvis .   a - +0 long sword
rCold   . . .      Faith    .   b - +0 buckler
rNeg    . . .      Spirit   .   (helmet restricted)
rPois   .          Reflect  .   (no amulet)
rElec   .          Harm     .   f - +6 ring of dexterity
rCorr   .          Rampage  .   (no ring)
Will    .....                   (no ring)
Stlth   ++++......              (no ring)
HPRegen 0.18/turn               (no ring)
MPRegen 0.11/turn               (no ring)
                                (no ring)
                                (no ring)

@: brilliant, gold aura, attractive, invisible
A: almost no armour, amphibious, 8 rings, camouflage 1, gelatinous body 1,
(nimble swimmer 1), tentacles
a: Renounce Religion, Potion Petition, Call Merchant, Bribe Branch


You were on level 7 of the Dungeon.
You worshipped Gozag.
Gozag was aware of your devotion.
You visited 2 branches of the dungeon, and saw 7 of its levels.

You collected 353 gold pieces.
You paid 55 gold pieces to Gozag.

Inventory:

Hand Weapons
 a - a +0 long sword (weapon)
Missiles
 h - 6 silver boomerangs
 k - 13 poisoned darts (quivered)
Armour
 b - a +0 buckler (worn)
Jewellery
 f - a +6 ring of dexterity (left tentacle)
Wands
 i - a wand of flame (14)
 r - a wand of acid (2)
 s - a wand of paralysis (12)
Scrolls
 c - a scroll of torment {unknown}
 e - a scroll of magic mapping {unknown}
 g - a scroll of teleportation
 m - a scroll of amnesia
 p - a scroll of fog {unknown}
 q - 2 scrolls of silence {unknown}
Potions
 d - a potion of invisibility
 j - 2 potions of lignification


   Skills:
 + Level 4.5 Fighting
 + Level 6.2 Long Blades
 + Level 0.9 Throwing
 + Level 4.3 Dodging
 + Level 6.8 Stealth
 + Level 3.5 Shields
 * Level 2.3 Evocations


You had 7 spell levels left.
You didn't know any spells.
Your spell library was empty.

Dungeon Overview and Level Annotations

Branches:
Dungeon (5/15)             Temple (1/1) D:4

Altars:
Dithmenos
Gozag
Kikubaaqudgha
Nemelex Xobeh
Qazlal
Sif Muna
Vehumet
Xom
Zin

Shops:
D:5 [


Innate Abilities, Weirdness & Mutations

You cannot wear most types of armour.
You are amphibious.
You can wear up to eight rings at the same time.
Your skin changes colour to match your surroundings (Stealth+).
Your rubbery body absorbs attacks. (AC +1, EV +1)
((You are camouflaged when in or above water. (Stealth+)))
You have tentacles for arms and can constrict up to eight enemies at once.


Message History

Press: ? - help, Shift-Dir - straight line, f - ogre
Aim: an ogre, wielding a +0 giant spiked club (moderately wounded, covered in acid, 86% to hit)
The bolt of acid hits the ogre!
The ogre is almost dead.
The bolt of acid hits the jelly.
The jelly completely resists.
The jelly is no longer distracted by gold.
The jelly quivers.
You feel sick.
You are no longer poisoned.
The ogre barely misses you.
Unknown command.
You catch the helpless ogre completely off-guard!
You hit the ogre.
The ogre is almost dead.
The ogre hits you with a +0 giant spiked club!
* * * LOW HITPOINT WARNING * * *
You catch the helpless ogre completely off-guard!
You hit the ogre. Your squeeze misses the ogre.
The ogre is almost dead.
Aiming: Corrosive Bolt
Press: ? - help, Shift-Dir - straight line, f/p - ogre
Aim: an ogre, wielding a +0 giant spiked club (almost dead, covered in acid, 86% to hit)
The bolt of acid misses the ogre.
The bolt of acid hits the jelly.
The jelly completely resists.
Something shouts, "Out, out, thou tottering pigeon-egg lout!"
The ogre misses you.
A white imp comes into view.
The white imp is attracted toward you.
Aiming: Corrosive Bolt
Press: ? - help, Shift-Dir - straight line, f/p - ogre
Aim: an ogre, wielding a +0 giant spiked club (almost dead, covered in acid, 86% to hit)
The bolt of acid hits the ogre!
The ogre seems to be corroded for longer.
You kill the ogre!
The bolt of acid hits the jelly.
The jelly completely resists.
The bolt of acid hits the white imp!
The acid corrodes the white imp!
You kill the white imp!
You hit the jelly but do no damage.
Your tentacles burn!
You die...
Your body crumbles into a pile of gold.

. #.###. .
#o##....ยง#.
...h..#.#..
#.....#.#
#.#...#$#
#.....#.#
....###.#(#
.#. #.#J#
#h#@# #.#.#
#.#.# #.#.#
#.#.# #...#
#####


You could see a jelly.

Vanquished Creatures
  Menkaure (D:4)
  A water moccasin (D:7)
  An ogre (D:7)
  A phantom (D:5)
  2 bullfrogs
  3 howler monkeys (D:7)
  A crimson imp (D:5)
  A centaur zombie (D:7)
  3 hounds (D:4)
  An orc priest (D:3)
  A scorpion zombie (D:5)
  An iguana (D:5)
  2 orc wizards
  A hound skeleton (D:4)
  Robin (D:3)
  6 adders
  2 white imps
  A worm (D:2)
  A dart slug (D:1)
  16 orcs
  3 bats
  7 endoplasms
  6 giant cockroaches
  15 hobgoblins
  2 jackals (D:1)
  10 kobolds
  4 quokkas
  3 ball pythons
  4 frilled lizards
  16 goblins
  6 rats
123 creatures vanquished.

Notes
Turn   | Place    | Note
-------+----------+-------------------------------------------
     0 | D:1      | Dorkslayer the Octopode Fighter began the quest for the
                  | Orb.
     0 | D:1      | Reached XP level 1. HP: 16/16 MP: 1/1
   196 | D:1      | Reached XP level 2. HP: 21/21 MP: 2/2
   477 | D:1      | Reached XP level 3. HP: 26/26 MP: 3/3
   539 | D:1      | Reached skill level 1 in Stealth
  1011 | D:2      | Found an ancient bone altar of Kikubaaqudgha.
  1152 | D:2      | Reached XP level 4. HP: 25/31 MP: 4/4
  1433 | D:3      | Found a faded altar of an unknown god.
  1556 | D:3      | Found a shimmering blue altar of Sif Muna.
  1812 | D:3      | Reached XP level 5. HP: 18/36 MP: 5/5
  2163 | D:3      | Noticed Robin
  2169 | D:3      | Killed Robin
  2779 | D:4      | Reached XP level 6. HP: 32/42 MP: 6/6
  3350 | D:4      | Reached skill level 5 in Long Blades
  3403 | D:4      | Found a staircase to the Ecumenical Temple.
  3412 | Temple   | Entered the Ecumenical Temple
  3445 | Temple   | Became a worshipper of Gozag Ym Sagoz the Greedy
  4041 | D:4      | Noticed Menkaure
  4045 | D:4      | Killed Menkaure
  4046 | D:4      | Reached XP level 7. HP: 8/47 MP: 7/7
  4331 | D:5      | Entered Level 5 of the Dungeon
  4873 | D:5      | Found Olum's Armour Shop.
  4900 | D:5      | Reached skill level 1 in Evocations
  4908 | D:5      | Reached skill level 5 in Stealth
  4956 | D:5      | You fall into a shaft and drop 2 floors!
  4990 | D:7      | Reached XP level 8. HP: 40/54 MP: 8/8
  5004 | D:7      | Splashed by a jelly's acid

Illustrated notes

Levels and vault maps discovered:
D:1:      dpeg_arrival_boxes_within_box, layout_basic, kennysheep_doodads,
          minmay_indecisive_spiral
D:2:      layout_rooms, basic_altar
D:3:      layout_basic, mainiacjoe_overflow_concentric_impassable,
          shapermc_ecumenical_altar_mp_highgroup, uniq_robin
D:4:      layout_basic, temple_pool_b, serial_curves, eino_curves_02,
          eino_curves_01, uniq_menkaure
D:5:      layout_basic, serial_shops, shop, minmay_fire_ice_demons
D:7:      layout_loops_ring, mainiacjoe_overflow_alcove_1,
          minmay_fractal_squares_5
Temple:   eino_temple_scatter_basement

Skill      XL: |  1  2  3  4  5  6  7  8 |
---------------+-------------------------+-----
Stealth        | 1 2 3 4 6 |  6.8
Long Blades    | 3 4 5 6 |  6.2
Dodging        | 4 |  4.3
Fighting       | 4 |  4.5
Evocations     | 1 2 |  2.3
Throwing       | |  0.9
Shields        | |  3.5

Action                   |  1- 3 |  4- 6 |  7- 9 || total
-------------------------+-------+-------+-------++-------
Melee: Long sword        |    57 |   109 |    45 ||   211
       Constrict         |    14 |    31 |    12 ||    57
       Tentacles         |    10 |    21 |    16 ||    47
       Punch             |       |     1 |       ||     1
Throw: Dart              |       |     3 |     3 ||     6
       Boomerang         |       |     1 |       ||     1
Evoke: Wand              |       |       |     6 ||     6
  Use: Scroll            |       |     6 |       ||     6
       Potion            |       |     2 |     4 ||     6
 Stab: Sleeping          |    13 |     8 |     5 ||    26
       Invisible         |       |       |     2 ||     2
Armor: Skin              |       |     6 |     1 ||     7
Dodge: Dodged            |    25 |    64 |    30 ||   119
Block: Buckler           |     9 |    23 |     8 ||    40
